 Dungeon Crawl Stone Soup version 0.29-a0-330-g52719c12eb (webtiles) character file.

Game seed: 13520611446955141274

116 Leszczynek the Insei (level 5, -2/40 HPs)
             Began as a Human Gladiator on Apr 21, 2022.
             Slain by a black bear (3 damage)
             ... on level 2 of the Dungeon.
             The game lasted 00:05:56 (775 turns).

Leszczynek the Insei (Human Gladiator)               Turns: 775, Time: 00:05:56

Health: -2/40      AC:  4    Str: 14    XL:     5   Next: 21%
Magic:  5/5        EV: 12    Int: 11    God:
Gold:   88         SH:  0    Dex: 14    Spells: 4/4 levels left

rFire   . . .      SeeInvis .   h - +0 short sword
rCold   . . .      Faith    .   (no shield)
rNeg    . . .      Spirit   .   a - +0 leather armour
rPois   .          Reflect  .   b - +0 helmet
rElec   .          Harm     .   (no cloak)
rCorr   .          Rampage  .   (no gloves)
Will    .....                   (no boots)
Stlth   +.........              e - amulet of regeneration
HPRegen 0.93/turn               (no ring)
MPRegen 0.09/turn               (no ring)

@: no status effects
A: no striking features
a: no special abilities


You were on level 2 of the Dungeon.
You visited 1 branch of the dungeon, and saw 3 of its levels.

You collected 88 gold pieces.

Inventory:

Hand Weapons
 c - a +0 long sword
 h - a +0 short sword (weapon)
Missiles
 j - a poisoned dart (quivered)
Armour
 a - a +0 leather armour (worn)
 b - a +0 helmet (worn)
 f - a +0 robe
 n - a +0 buckler
Jewellery
 e - an amulet of regeneration (around neck)
Wands
 p - a wand of flame (21)
Scrolls
 g - 6 scrolls of immolation {unknown}
 l - a scroll of identify {unknown}
 m - 4 scrolls of teleportation {unknown}
 o - a scroll of torment {unknown}
Potions
 i - 2 potions of flight
 q - a potion of attraction {unknown}


   Skills:
 + Level 2.8 Fighting
 - Level 2.0 Throwing
 - Level 3.0 Dodging
 * Level 1.6 Shields
 + Level 3.5 Unarmed Combat
 * Level 2.7 Transmutations


You had 4 spell levels left.
You didn't know any spells.
Your spell library was empty.

Dungeon Overview and Level Annotations

Branches:
Dungeon (3/15)

Altars:


Message History

The black bear is severely wounded.
The black bear struggles against the net.
You completely miss the black bear.
The black bear is severely wounded.
The black bear struggles against the net. x2
The net rips apart, and the black bear comes free!
You hit the black bear but do no damage.
The black bear is severely wounded.
The black bear bites you! The black bear closely misses you.
The black bear claws you.
You hit the black bear.
The black bear is severely wounded.
The black bear bites you! The black bear barely misses you.
The black bear closely misses you. x2; The black bear barely misses you.
The black bear claws you but does no damage.
Throw: 2 darts (poison)
Press: ? - help, Q - select action, (/) - cycle Shift-Dir - straight line, f/p - black bear
Aim: a black bear (severely wounded, berserk, 68% to hit)
You throw a poisoned dart. The poisoned dart hits the black bear.
The black bear is poisoned.
The black bear is severely wounded.
The black bear closely misses you.
The black bear claws you but does no damage.
The black bear claws you.
You hit the black bear.
The black bear is almost dead.
The black bear bites you but does no damage.
The black bear claws you. The black bear barely misses you. x2
The black bear claws you but does no damage.
The black bear barely misses you.
You barely miss the black bear.
The black bear is almost dead.
The black bear bites you.
* * * LOW HITPOINT WARNING * * *
The black bear claws you.
* * * LOW HITPOINT WARNING * * *
The black bear completely misses you. The black bear bites you!
* * * LOW HITPOINT WARNING * * *
The black bear claws you.
You die...

......#.........
...............# #
............... .#
.............# #.##
..#.....##..####...###
.......>...##.(..[...!
............##l#...##
##...........#h## ##
#.........#...@#
#.........###.##
#.........# #..#
#.........# ##..#
#.......... #...
#.........## ##..
.........# #.# .#


You could see a black bear (berserk, poisoned) and a frilled lizard.

Vanquished Creatures
  A scorpion (D:3)
  An adder (D:2)
  A worm (D:3)
  2 dart slugs
  6 bats
  2 endoplasms
  2 giant cockroaches (D:1)
  3 goblins
  3 hobgoblins
  3 jackals (D:2)
  A quokka (D:3)
  4 ball pythons
  4 frilled lizards
  5 kobolds
  A rat (D:1)
39 creatures vanquished.

Notes
Turn   | Place    | Note
-------+----------+-------------------------------------------
     0 | D:1      | Leszczynek the Human Gladiator began the quest for the Orb.
     0 | D:1      | Reached XP level 1. HP: 16/16 MP: 1/1
    12 | D:1      | regen amulet start
    90 | D:1      | Reached XP level 2. HP: 22/22 MP: 2/2
   118 | D:1      | Reached skill level 1 in Transmutations
   260 | D:2      | Reached XP level 3. HP: 28/28 MP: 3/3
   385 | D:3      | Noticed a scorpion
   403 | D:3      | Killed a scorpion
   404 | D:3      | Reached skill level 1 in Shields
   404 | D:3      | Reached skill level 2 in Transmutations
   404 | D:3      | Reached XP level 4. HP: 16/34 MP: 4/4
   404 | D:3      | i SWEAR to god
   404 | D:3      | this FUCKING bullshit is really annoying
   404 | D:3      | d3 scorpion casually around the corner
   404 | D:3      | immediately next to you
   421 | D:3      | Reached XP level 5. HP: 36/39 MP: 5/5
   757 | D:2      | Noticed a black bear
   775 | D:2      | HP: 1/40 [black bear (8)]
   775 | D:2      | Slain by a black bear

Illustrated notes ##..#####..## #..#.....#..####. #..#.......#..... #....<....#..# #..#.......#..## ....#.....#....# .....#####..##.. #.##........#####.# #.#.......@....# #[.########### .... #### Turn 12 on D:1: regen amulet start

#.........## .#
#.........###.#
#.........>##.####
##..........#.....###
#...........#.......#.
#.....>[..............
#.....................
...#........##....<....
# ##......##..@.b.....
#####.###.#†.!..... #†#
#>#........ #..
...[..#.#.. #..........
# # ............
....#...####. #.....#(#
## ..#####


Turn 404 on D:3: i SWEAR to god

Levels and vault maps discovered:
D:1:      scummos_arrival_hexagon, layout_loops_cross, serial_shops,
          nicolae_square_shop, nrook_campfire
D:2:      minmay_alternating_diamond, layout_basic,
          amcnicky_mini_rare_corridor_liquid, minmay_fractal_squares_gapless_5
D:3:      layout_rooms, nicolae_hepliaklqana_hippocampus,
          mrwooster_statue_mirror

Skill      XL: |  1  2  3 |
---------------+----------+-----
Transmutations | 1 2 |  2.7
Shields        | 1 |  1.6
Fighting       | |  2.8
Throwing       | |  2.0
Dodging        | |  3.0
Unarmed Combat | |  3.5

Action                   |  1- 3 |  4- 6 || total
-------------------------+-------+-------++-------
Melee: Unarmed           |    21 |       ||    21
       Punch             |     2 |       ||     2
       Short sword       |    88 |    50 ||   138
Throw: Throwing net      |     3 |     1 ||     4
       Dart              |       |     1 ||     1
       Javelin           |       |     1 ||     1
  Use: Potion            |     2 |       ||     2
Armor: Leather armour    |    34 |    30 ||    64
Dodge: Dodged            |    82 |    53 ||   135

Table legend: (Time is in decaauts)
 A = Elapsed time spent in this place.
 B = Non-inter-level travel time spent in this place.
 C = Inter-level travel time spent in this place.
 D = Time resting spent in this place.
 E = Time spent auto-exploring this place.
 F = Levels seen in this place.
 G = Mean time per level.
                   A        B        C        D        E       F      G
               +--------+--------+--------+--------+--------+-----+--------+
         Total |    792 |    740 |     52 |      0 |      0 |   3 |  264.0 |
       Dungeon |    792 |    740 |     52 |      0 |      0 |   3 |  264.0 |
               +--------+--------+--------+--------+--------+-----+--------+

Top non-repeatable levels by time:
     D:2: 336 daAuts
     D:3: 273 daAuts
     D:1: 182 daAuts
